 Dungeon Crawl Stone Soup version 0.21-a0-351-g38363bb (webtiles) character file.

31010 Ijustatesigmund the Slicer (level 13, -3/64 HPs)
             Began as a Vine Stalker Fighter on Oct 8, 2017.
             Was the Champion of Makhleb.
             Shot with an arrow by Nessos (8 damage)
             ... on level 4 of the Lair of Beasts on Oct 9, 2017.
             The game lasted 00:35:44 (13638 turns).

Ijustatesigmund the Slicer (Vine Stalker Fighter)  Turns: 13638, Time: 00:35:45

Health: -3/64      AC: 15    Str: 19    XL:     13   Next: 55%
Magic:  0/26       EV: 16    Int: 13    God:    Makhleb [******]
Gold:   1114       SH: 12    Dex: 26    Spells: 12/12 levels left

rFire    . . .     SeeInvis .   d - +6 short sword
rCold    . . .     Gourm    +   c - +0 shield
rNeg     . . .     Faith    .   b - +4 moon troll leather armour {Spirit, Regen++ MP+5}
rPois    .         Spirit   +   i - +2 helmet {Int+3}
rElec    .         Reflect  .   D - scarf of a labyrinth {MR+ Dex+7 Slay-2}
rCorr    +         Harm     .   m - +2 pair of gloves
MR       ++...     Rnd*Rage +   (no boots)
Stlth    +++++.....             B - amulet "Giewubytz" {Gourm Int+4}
HPRegen  1.80/turn              C - +5 ring of slaying
MPRegen  0.20/turn              F - ring of resist corrosion

@: lethally poisoned (-3 -> -12)
A: fangs 3, talons 1, berserk 1, dopey 1, frail 1, regeneration 2, screaming 1,
magic shield, antimagic bite, no potion heal 3, rot immunity
a: Minor Destruction, Lesser Servant of Makhleb, Major Destruction, Greater
Servant of Makhleb, Renounce Religion


You were on level 4 of the Lair of Beasts.
You worshipped Makhleb.
Makhleb was exalted by your worship.
You were completely stuffed.

You visited 2 branches of the dungeon, and saw 15 of its levels.

You collected 1198 gold pieces.
You spent 84 gold pieces at shops.

Inventory:

Hand Weapons
 a - a +1 rapier
 d - a +6 short sword (weapon)
 A - a +3 scimitar of flaming
Missiles
 e - 69 bolts
 q - 8 tomahawks (quivered)
Armour
 b - the +4 moon troll leather armour (worn) {Spirit, Regen++ MP+5}
   (You found it on level 2 of the Lair of Beasts)

   It affects your magic capacity (+5).
   It increases your rate of regeneration.
 c - a +0 shield (worn)
 i - a +2 helmet of intelligence (worn)
 m - a +2 pair of gloves (worn)
 D - the scarf of a labyrinth (worn) {MR+ Dex+7 Slay-2}
   (You acquired it on level 9 of the Dungeon)

   It affects your dexterity (+7).
   It affects your accuracy and damage with ranged weapons and melee attacks
   (-2).
   It affects your resistance to hostile enchantments.
Jewellery
 B - the amulet "Giewubytz" (around neck) {Gourm Int+4}
   (You found it on level 8 of the Dungeon)

   [amulet of the gourmand]

   It allows you to eat raw meat even when not hungry.
   It affects your intelligence (+4).
 C - a +5 ring of slaying (left hand)
 F - a ring of resist corrosion (right hand)
 P - an uncursed amulet of faith
Wands
 o - a wand of paralysis (7/24)
 r - a wand of enslavement (18/24)
 w - a wand of digging (3/24)
 x - a wand of flame (13/48)
 z - a wand of iceblast (0/15)
 L - a wand of iceblast (6/15)
 N - a wand of polymorph (9/24)
Scrolls
 l - 3 scrolls of identify
 u - 9 scrolls of remove curse
 G - 3 scrolls of amnesia
 H - 2 scrolls of recharging
 J - 2 scrolls of teleportation
Potions
 j - 3 potions of cancellation
 k - a potion of flight
 s - 3 potions of lignification
 t - 2 potions of haste
 v - 4 potions of brilliance
 E - a potion of invisibility
 I - a potion of curing
 Q - a potion of degeneration {unknown}
Books
 y - a book of Changes

   Spells                             Type                      Level
   a - Beastly Appendage              Transmutation                1
   b - Sticks to Snakes               Transmutation                2
   c - Spider Form                    Transmutation/Poison         3
   d - Ice Form                       Ice/Transmutation            4
   e - Blade Hands                    Transmutation                5
Comestibles
 f - 15 bread rations
 g - 10 meat rations
 n - 4 royal jellies
 K - 44 fruits


   Skills:
 + Level 10.0 Fighting
 + Level 10.3 Short Blades
 - Level 6.4 Armour
 - Level 5.8 Dodging
 - Level 9.7 Stealth
 - Level 7.1 Shields
 + Level 9.6 Invocations


You had 12 spell levels left.
You didn't know any spells.

Dungeon Overview and Level Annotations

Branches:
Dungeon (11/15)            Temple (0/1) D:5            Lair (4/6) D:9
    Orc (0/2) D:9
  Swamp: Lair:2-4    Shoals: Lair:2-4     Snake: Lair:2-4    Spider: Lair:2-4

Altars:
Cheibriados
Elyvilon
Makhleb
Nemelex Xobeh
Okawaru
Uskayaw
Yredelemnul
Zin
The Shining One

Shops:
D:7 ?

Annotations:
D:11 1 runed door
Lair:4 Nessos


Innate Abilities, Weirdness & Mutations

You have razor-sharp teeth.
You heal very quickly.
When hurt, damage is shared between your health and your magic reserves.
Your bite disrupts and absorbs the magic of your enemies.
Potions cannot restore your health.
You are immune to rotting.
You have sharp toenails.
You tend to lose your temper in combat.
You are dopey. (Int -2)
You are frail. (-10% HP)
You occasionally shout uncontrollably at your foes.


Message History

You feel sick.
Nessos shoots an arrow.
You block the arrow.
Nessos blinks!
You feel sick.
Nessos shoots an arrow.
The arrow closely misses your smoke demon.
You block the arrow.
Nessos shoots an arrow.
The arrow hits you!!
* * * LOW HITPOINT WARNING * * *
The arrow burns you.
You are lethally poisoned!
* * * LOW HITPOINT WARNING * * *
A jumping spider comes into view.
You see here an arrow.
Okay, then.
As you read the scroll of fog, it crumbles to dust.
The scroll dissolves into smoke.
* * * LOW HITPOINT WARNING * * *
You feel very sick.
Nessos shoots an arrow.
You block the arrow.
The jumping spider leaps!
Nessos shoots an arrow.
The arrow closely misses your smoke demon.
The arrow hits you!
You die...

#..........♣...
#.....##...♣ .. .....##
##..♣♣♣
#P....######...♣♣♣♣♣♣
.......... ##......♣♣♣♣♣
P.........###.##.#...#.♣#♣
####...P#....†.#.....#
#...(§§§§(.........#
.....§§@#..#...PP#.#
##....§#§......P..##
##.....(.###......#
.....3.##..#.....### #
...#.c. #...#......####.
.§.§... .......#....#..#
..(.... #.##P..#......#.
..P...#..#...#.#...P..#
##.............#.


You could see Nessos and a friendly smoke demon.

Vanquished Creatures
  Gastronok (Lair:1)
  A hydra (Lair:4)
  Harold (Lair:3)
  Erica (D:8)
  2 two-headed ogres
  A tengu warrior (D:10)
  An unseen horror (D:10)
  Pikel (D:8)
  7 elephants
  2 black mambas (Lair:4)
  3 spiny frogs
  A gargoyle (D:10)
  A rime drake (Lair:1)
  A komodo dragon (Lair:1)
  A freezing wraith (D:9)
  A yaktaur (shapeshifter) (D:10)
  5 polar bears
  A troll (D:9)
  18 blink frogs
  A hornet (Lair:4)
  Prince Ribbit (D:6)
  6 hippogriffs
  A wraith (D:10)
  A wyvern (D:10)
  A vampire (D:10)
  21 yaks
  A spriggan (Lair:4)
  Eustachio (D:6)
  Grum (D:8)
  A basilisk (Lair:3)
  A vampire mosquito (D:10)
  Edmund (D:6)
  2 swamp worms (Lair:4)
  3 water moccasins
  Duvessa (D:6)
  6 porcupines
  3 black bears
  5 ice beasts
  3 sky beasts
  8 orc warriors
  2 slaves (D:8)
  5 ogres
  2 phantoms (D:10)
  5 centaurs
  26 wolves
  5 crocodiles
  13 bullfrogs
  Dowan (D:6)
  3 electric eels (Lair:3)
  A howler monkey (D:5)
  2 centaur zombies
  4 crimson imps
  A bullfrog zombie (D:8)
  A quasit (D:10)
  A gnoll shaman (D:7)
  5 hounds
  A jelly (D:9)
  10 orc wizards
  14 orc priests
  Jessica (D:2)
  A centaur skeleton (D:5)
  Natasha (D:2)
  An iguana (D:7)
  Terence (D:2)
  5 worker ants
  A worker ant zombie (D:10)
  Robin (D:2)
  A howler monkey skeleton (D:4)
  8 gnolls
  15 adders
  2 shadow imps (D:10)
  2 adder zombies (D:10)
  An ooze (D:7)
  A worm (D:3)
  3 dart slugs
  8 leopard geckos
  40 orcs
  5 giant cockroaches
  12 goblins
  6 hobgoblins
  17 jackals
  5 kobolds
  A quokka (D:4)
  A ball python (D:1)
  A ball python skeleton (D:5)
  8 bats
  7 frilled lizards
  2 quokka skeletons
  10 rats
389 creatures vanquished.

Vanquished Creatures (others)
  A bush (Lair:3)
  3 fungi
  8 plants (Lair:3)
12 creatures vanquished.

Grand Total: 401 creatures vanquished

Notes
Turn   | Place    | Note
-------+----------+-------------------------------------------
     0 | D:1      | Ijustatesigmund the Vine Stalker Fighter began the quest for the Orb.
     0 | D:1      | Reached XP level 1. HP: 11/11 MP: 2/2
   376 | D:1      | Reached XP level 2. HP: 12/16 MP: 1/3
  1065 | D:2      | Noticed Terence
  1080 | D:2      | Killed Terence
  1080 | D:2      | Reached XP level 3. HP: 11/19 MP: 2/4
  1229 | D:2      | Noticed Jessica
  1230 | D:2      | Found a burning altar of Makhleb.
  1235 | D:2      | Killed Jessica
  1235 | D:2      | Gained mutation: Your natural rate of healing is unusually fast. [Vine Stalker growth]
  1235 | D:2      | Reached XP level 4. HP: 22/24 MP: 5/5
  1248 | D:2      | Became a worshipper of Makhleb the Destroyer
  1552 | D:2      | Reached * piety under Makhleb
  1552 | D:2      | Reached XP level 5. HP: 28/28 MP: 6/6
  1553 | D:2      | Noticed Robin
  1572 | D:2      | Killed Robin
  1808 | D:2      | Noticed Natasha
  1813 | D:2      | Killed Natasha
  2436 | D:3      | Reached XP level 6. HP: 33/33 MP: 7/7
  2705 | D:4      | Reached ** piety under Makhleb
  2752 | D:4      | Reached skill level 1 in Stealth
  3484 | D:5      | Entered Level 5 of the Dungeon
  3551 | D:5      | Reached skill level 5 in Short Blades
  3725 | D:5      | Reached XP level 7. HP: 13/38 MP: 2/8
  3812 | D:5      | Found a glowing golden altar of the Shining One.
  3815 | D:5      | Found a basalt altar of Yredelemnul.
  3816 | D:5      | Upgraded the game from 0.21-a0-349-g0c35859 to 0.21-a0-351-g38363bb
  3818 | D:5      | Found a snail-covered altar of Cheibriados.
  4120 | D:5      | Found a staircase to the Ecumenical Temple.
  4130 | D:5      | Reached skill level 5 in Fighting
  4359 | D:6      | Gained mutation: You have razor-sharp teeth. [Vine Stalker growth]
  4359 | D:6      | Reached XP level 8. HP: 41/43 MP: 9/9
  4384 | D:6      | Reached skill level 5 in Stealth
  4402 | D:6      | Noticed Edmund
  4413 | D:6      | Killed Edmund
  4429 | D:6      | Noticed Duvessa
  4429 | D:6      | Noticed Dowan
  4436 | D:6      | Killed Dowan
  4449 | D:6      | Killed Duvessa
  4552 | D:6      | Noticed Prince Ribbit
  4567 | D:6      | Killed Prince Ribbit
  4980 | D:6      | Noticed Eustachio
  5017 | D:6      | Killed Eustachio
  5017 | D:6      | Reached XP level 9. HP: 47/49 MP: 10/10
  5136 | D:6      | Found a sparkling altar of Nemelex Xobeh.
  5136 | D:6      | Found an iron altar of Okawaru.
  5136 | D:6      | Found a hide-covered altar of Uskayaw.
  5144 | D:6      | Found a white marble altar of Elyvilon.
  5161 | D:6      | Reached *** piety under Makhleb
  5682 | D:7      | Gained mutation: You tend to lose your temper in combat. [potion of mutation]
  5682 | D:7      | Gained mutation: You evolve. [potion of mutation]
  5711 | D:7      | Got a brightly glowing ring mail
  5717 | D:7      | Identified the +4 ring mail of Dice, Bag, and Bottle {rC+} (You found it on level 7 of the Dungeon)
  5800 | D:7      | Gained mutation: You have sharp toenails. [evolution]
  5866 | D:7      | Found Sekhlyh's Magic Scroll Boutique.
  5876 | D:7      | Bought a scroll of teleportation for 39 gold pieces
  5876 | D:7      | Bought a scroll of fear for 45 gold pieces
  6355 | D:8      | You fall through a shaft!
  6366 | D:9      | Noticed a troll
  6378 | D:9      | Killed a troll
  6556 | D:9      | Found a staircase to the Lair.
  6599 | D:10     | Entered Level 10 of the Dungeon
  6628 | D:10     | Noticed a freezing wraith
  6658 | D:9      | Reached **** piety under Makhleb
  6667 | D:9      | Reached XP level 10. HP: 32/56 MP: 7/11
  7024 | D:8      | Noticed Grum
  7033 | D:8      | Reached skill level 1 in Invocations
  7035 | D:8      | Reached skill level 1 in Dodging
  7045 | D:8      | Killed Grum
  7190 | D:8      | Noticed Pikel
  7221 | D:8      | Killed Pikel
  7390 | D:8      | Noticed Erica
  7402 | D:8      | Killed Erica
  7582 | D:8      | Got a fine graven amulet
  7593 | D:8      | Identified the amulet "Giewubytz" {Gourm Int+4} (You found it on level 8 of the Dungeon)
  8077 | D:9      | Identified a scroll of acquirement
  8080 | D:9      | Got a polished scarf
  8086 | D:9      | Identified the scarf of a labyrinth {MR+ Dex+7 Slay-2} (You acquired it on level 9 of the Dungeon)
  8143 | D:9      | Noticed a two-headed ogre
  8150 | D:9      | Killed a two-headed ogre
  8150 | D:9      | Reached XP level 11. HP: 35/60 MP: 13/15
  8358 | D:9      | Found a glowing silver altar of Zin.
  8514 | D:9      | Found a staircase to the Orcish Mines.
  8633 | D:9      | Reached skill level 5 in Shields
  8636 | D:9      | Reached ***** piety under Makhleb
  8908 | D:10     | Noticed a two-headed ogre
  8919 | D:10     | Killed a two-headed ogre
  8928 | D:10     | Killed an unseen horror
  8928 | D:10     | Reached skill level 5 in Invocations
  8949 | D:10     | Reached skill level 5 in Armour
  8997 | D:10     | Noticed a tengu warrior
  9016 | D:10     | Killed a tengu warrior
  9159 | D:10     | Gained mutation: You are dopey. (Int -2) [evolution]
 10187 | D:11     | Found a runed door.
 10209 | D:11     | Reached skill level 5 in Dodging
 10212 | D:11     | Lost mutation: You evolve. [mutagenic meat]
 10213 | D:11     | Gained mutation: You occasionally shout uncontrollably at your foes. [mutagenic meat]
 10214 | D:11     | Gained mutation: You are frail. (-10% HP) [mutagenic meat]
 10219 | D:11     | Noticed a death knight
 10352 | Lair:1   | Entered Level 1 of the Lair of Beasts
 10392 | Lair:1   | Gained mutation: You heal very quickly. [Vine Stalker growth]
 10392 | Lair:1   | Reached XP level 12. HP: 26/57 MP: 10/17
 10780 | Lair:1   | Noticed Gastronok
 10793 | Lair:1   | Killed Gastronok
 11035 | Lair:2   | Found the +4 moon troll leather armour {Spirit, Regen++ MP+5}
 12260 | Lair:3   | Reached ****** piety under Makhleb
 12489 | Lair:3   | Reached XP level 13. HP: 50/63 MP: 19/20
 12649 | Lair:3   | Noticed Harold
 12662 | Lair:3   | Killed Harold
 13214 | Lair:4   | Reached skill level 10 in Short Blades
 13409 | Lair:4   | Identified the +1 ring mail of Teulokk {rElec Str+3 Int-2 Dex+6} (You found it on level 4 of the Lair of Beasts)
 13599 | Lair:4   | Reached skill level 10 in Fighting
 13624 | Lair:4   | Noticed Nessos
 13638 | Lair:4   | Shot with an arrow by Nessos

Vault maps used:
D:1:      saegor_arrival_simple_a
D:2:      bloody_makhleb, kennysheep_potato, uniq_jessica, uniq_robin,
          uniq_terence, uniq_natasha
D:3:      first_bread, grunt_decor_arrowhead
D:4:      grunt_decor_cap
D:5:      grunt_temple_overflow_diamond, minmay_temple_entry_large_hall
D:6:      nicolae_overflow_quartered_altars, uniq_eustachio, uniq_duvessa,
          uniq_edmund, uniq_prince_ribbit1
D:7:      serial_shops, shop, hex_large
D:8:      uniq_erica, uniq_pikel, uniq_grum
D:9:      zin_treasury, lair_entry_dummy, david_orc_4
D:10:     hangedman_cross_veins
D:11:     minmay_cornered_nines, serial_shops, nicolae_shop_trees,
          minmay_statue_crystal_thing
Lair:1:   lemuel_fruit_fields, lemuel_fruit_fields, lemuel_fruit_tree,
          uniq_gastronok
Lair:2:   cheibrodos_lair_lostbears
Lair:3:   serial_bayou, serial_bayou_lagoon_b, serial_bayou_lagoon_a,
          serial_bayou_pond_d, serial_bayou_pond_c, serial_bayou_crossing,
          uniq_harold
Lair:4:   nicolae_swamp_entry_splash_gauntlet, spider_nest_entry_funnel_web,
          grunt_forest_large_clearings, uniq_nessos

Skill      XL: |  1  2  3  4  5  6  7  8  9 10 11 12 13 |
---------------+----------------------------------------+-----
Short Blades   | 2 3 4 5 6 8 9 10 | 10.3
Fighting       | 3 4 5 6 7 8 9 10 | 10.0
Stealth        | 3 4 7 9 |  9.7
Shields        | 4 6 7 |  7.1
Invocations    | 4 6 8 9 |  9.6
Dodging        | 3 5 |  5.8
Armour         | 4 5 6 |  6.4

Action                   |  1- 3 |  4- 6 |  7- 9 | 10-12 | 13-15 || total
-------------------------+-------+-------+-------+-------+-------++-------
Melee: Rapier            |    90 |   250 |    77 |       |       ||   417
       Bite              |    18 |    66 |   103 |   284 |   105 ||   576
       Short sword       |       |       |   195 |   560 |   194 ||   949
       Kick              |       |       |    23 |   298 |   101 ||   422
       Scimitar          |       |       |       |       |     4 ||     4
Throw: Tomahawk          |       |     3 |     6 |     4 |     9 ||    22
Invok: Lesser Servant of |       |       |       |       |     1 ||     1
       Major Destruction |       |       |       |       |     1 ||     1
Evoke: Wand              |       |       |       |       |     1 ||     1
  Use: Potion            |     2 |     2 |     4 |       |       ||     8
       Scroll            |       |    12 |     7 |     8 |     2 ||    29
 Stab: Sleeping          |       |       |     6 |    20 |     1 ||    27
       Distracted        |       |       |       |     4 |     1 ||     5
  Eat: Chunk             |     1 |     8 |     8 |    32 |     4 ||    53
       Fruit             |       |       |     5 |       |       ||     5
Armor: Scale mail        |    37 |   111 |       |       |       ||   148
       Ring mail         |       |       |   121 |   112 |       ||   233
       Troll leather arm |       |       |       |    48 |    40 ||    88
Dodge: Dodged            |    28 |    56 |   105 |   196 |    95 ||   480
Block: Shield            |    47 |   101 |   158 |   261 |   125 ||   692

Table legend:
 A = Spawn XP
 B = Non-spawn XP
 C = Spawn XP percentage of total XP
 D = Spawn monster count
 E = Non-spawn monster count
 F = Spawn count percentage of total count
 G = Total turns spent on level
                    A         B        C        D         E        F      G
               +---------+---------+-------+---------+---------+-------+---------
         Total |       0 |   44301 |   0.0 |       0 |     387 |   0.0 | 13638
               +---------+---------+-------+---------+---------+-------+---------
           D:1 |       0 |      32 |   0.0 |       0 |      21 |   0.0 |  1065
           D:2 |       0 |     194 |   0.0 |       0 |      33 |   0.0 |   855
           D:3 |       0 |      95 |   0.0 |       0 |      19 |   0.0 |   696
           D:4 |       0 |     132 |   0.0 |       0 |      15 |   0.0 |   912
           D:5 |       0 |     624 |   0.0 |       0 |      17 |   0.0 |   799
           D:6 |       0 |    1543 |   0.0 |       0 |      28 |   0.0 |  1096
           D:7 |       0 |     673 |   0.0 |       0 |      20 |   0.0 |   849
           D:8 |       0 |    3671 |   0.0 |       0 |      33 |   0.0 |  1051
           D:9 |       0 |    3458 |   0.0 |       0 |      37 |   0.0 |  1296
          D:10 |       0 |    6609 |   0.0 |       0 |      48 |   0.0 |  1672
          D:11 |       0 |     455 |   0.0 |       0 |       7 |   0.0 |    61
        Lair:1 |       0 |    5783 |   0.0 |       0 |      17 |   0.0 |   683
        Lair:2 |       0 |    3474 |   0.0 |       0 |      14 |   0.0 |  1008
        Lair:3 |       0 |    8228 |   0.0 |       0 |      31 |   0.0 |  1060
        Lair:4 |       0 |    9330 |   0.0 |       0 |      47 |   0.0 |   535
               +---------+---------+-------+---------+---------+-------+---------
